 Dungeon Crawl Stone Soup version 0.29-a0-422-gafbd6decc1 (webtiles) character file.

Game seed: 17602266177959101178

7039 holysushi the Slicer (level 11, -12/69 HPs)
             Began as an Octopode Artificer on May 19, 2022.
             Was an Initiate of Gozag.
             Mangled by Snorg (15 damage)
             ... on level 10 of the Dungeon.
             The game lasted 00:19:48 (9023 turns).

holysushi the Slicer (Octopode Artificer)           Turns: 9023, Time: 00:19:49

Health: -12/69     AC:  1    Str: 12    XL:     11   Next: 9%
Magic:  20/20      EV: 19    Int: 13    God:    Gozag
Gold:   596        SH:  0    Dex: 17    Spells: 10/10 levels left

rFire   . . .      SeeInvis .   u - +1 dagger (elec)
rCold   + . .      Faith    .   (no shield)
rNeg    . . .      Spirit   .   (helmet restricted)
rPois   .          Reflect  .   h - amulet of regeneration
rElec   .          Harm     .   m - ring of flight
rCorr   +          Rampage  .   n - ring of magical power
Will    .....                   v - ring of resist corrosion
Stlth   +++++.....              C - ring of protection from cold
HPRegen 1.01/turn               (no ring)
MPRegen 0.17/turn               (no ring)
                                (no ring)
                                (no ring)

@: weak-willed, gold aura, flying, studying Throwing
A: almost no armour, amphibious, 8 rings, camouflage 1, gelatinous body 1,
(nimble swimmer 1), tentacles
a: Renounce Religion, Potion Petition, Call Merchant, Bribe Branch


You were on level 10 of the Dungeon.
You worshipped Gozag.
Gozag was pleased with you.
You visited 2 branches of the dungeon, and saw 11 of its levels.

You collected 2703 gold pieces.
You spent 385 gold pieces at shops.
You paid 1722 gold pieces to Gozag.

Inventory:

Hand Weapons
 f - a +0 dagger
 g - a +0 short sword
 p - a +1 rapier
 u - a +1 dagger of electrocution (weapon)
Jewellery
 h - an amulet of regeneration (around mantle)
 m - a ring of flight (left tentacle)
 n - a ring of magical power (right tentacle)
 v - a ring of resist corrosion (on tentacle)
 C - a ring of protection from cold (on tentacle)
Wands
 b - a wand of flame (8) (quivered)
 c - a wand of charming (19)
 j - a wand of polymorph (2)
 l - a wand of digging (4)
 E - a wand of paralysis (1)
Scrolls
 d - 2 scrolls of fear
 e - 4 scrolls of teleportation
 q - 2 scrolls of enchant weapon
 w - 2 scrolls of blinking
 y - a scroll of noise
 B - 4 scrolls of poison
 D - a scroll of summoning {unknown}
Potions
 a - 2 potions of might
 i - 4 potions of flight
 k - 4 potions of lignification
 o - a potion of resistance
 r - a potion of degeneration
 s - a potion of mutation
 t - a potion of berserk rage
 x - 2 potions of haste {unknown}
 z - a potion of curing


   Skills:
 + Level 4.0 Fighting
 - Level 11.2 Short Blades
 + Level 10.5 Dodging
 + Level 7.1 Stealth
 - Level 4.7 Evocations


You had 10 spell levels left.
You didn't know any spells.
Your spell library contained the following spells:

 Spells                   Type           Power      Damage    Failure   Level
 Foxfire                  Conj/Fire      0%         2x1d4     30%         1
 Static Discharge         Conj/Air       0%         N/A       43%         2
 Dazzling Flash           Conj/Hex       0%         N/A       67%         3
 Portal Projectile        Hex/Tloc       0%         N/A       67%         3
 Hailstorm                Conj/Ice       0%         3d3       97%         4
 Iskenderun's Mystic Bla  Conj/Tloc      0%         2d3       97%         4
 Olgreb's Toxic Radiance  Pois           0%         N/A       97%         4
 Blade Hands              Tmut           0%         N/A       100%        5
 Excruciating Wounds      Necr           0%         N/A       100%        5
 Freezing Cloud           Conj/Ice/Air   0%         6-21      100%        5
 Lightning Bolt           Conj/Air       0%         1d11      100%        5
 Starburst                Conj/Fire      0%         6d3       100%        6
 Maxwell's Capacitive Co  Air            0%         ∞         100%        8


Dungeon Overview and Level Annotations

Branches:
Dungeon (10/15)            Temple (1/1) D:4             Orc (0/2) D:9
   Lair: D:8-11

Altars:
Ashenzari
Cheibriados
Dithmenos
Elyvilon
Fedhas
Gozag
Hepliaklqana
Kikubaaqudgha
Makhleb
Nemelex Xobeh
Okawaru
Qazlal
Ru
Sif Muna
Trog
Uskayaw
Vehumet
Wu Jian
Xom
Yredelemnul
Zin
The Shining One

Shops:
D:4 (   D:8 ((

Annotations:
D:3 1 runed translucent door, exclusion: door, Crazy Yiuf
D:6 3 runed translucent doors, kairosrom117's ghost, novice DrFE
D:10 Snorg


Innate Abilities, Weirdness & Mutations

You cannot wear most types of armour.
You are amphibious.
You can wear up to eight rings at the same time.
Your skin changes colour to match your surroundings (Stealth+).
Your rubbery body absorbs attacks. (AC +1, EV +1)
((You are camouflaged when in or above water. (Stealth+)))
You have tentacles for arms and can constrict up to eight enemies at once.


Message History

Aim: Snorg (will become a culicivora, a tarantella, or a death drake, chance to affect: 26%)
Okay, then.
Unknown command.
Aiming: Paralyse
Press: ? - help, Shift-Dir - straight line, f - Snorg
Aim: Snorg (chance to affect: 26%)
Okay, then.
Unknown command.
Really read the scroll of vulnerability?
As you read the scroll of vulnerability, it crumbles to dust.
Magic quickly surges around you.
Aiming: Paralyse
Press: ? - help, Shift-Dir - straight line, f - Snorg
Aim: Snorg (weak-willed, chance to affect: 51%) Snorg resists with significant effort.
Snorg goes berserk!
Snorg bites you!! Snorg misses you. Snorg closely misses you.
Aiming: Paralyse
Press: ? - help, Shift-Dir - straight line, f/p - Snorg
Aim: Snorg (berserk, weak-willed, chance to affect: 51%) Snorg resists with significant effort.
Snorg misses you. Snorg closely misses you. Snorg completely misses you.
Aiming: Paralyse
Press: ? - help, Shift-Dir - straight line, f/p - Snorg
Aim: Snorg (berserk, weak-willed, chance to affect: 51%) Snorg resists with significant effort.
Snorg misses you. Snorg completely misses you. Snorg claws you.
Snorg bites you! Snorg completely misses you. x2
Aiming: Paralyse
Press: ? - help, Shift-Dir - straight line, f/p - Snorg
Aim: Snorg (berserk, weak-willed, chance to affect: 51%) Snorg resists with significant effort.
Snorg bites you. Snorg completely misses you. Snorg claws you!
Aiming: Paralyse
Press: ? - help, Shift-Dir - straight line, f/p - Snorg
Aim: Snorg (berserk, weak-willed, chance to affect: 51%) Snorg resists with significant effort.
Snorg bites you!!
* * * LOW HITPOINT WARNING * * *
Snorg barely misses you. Snorg claws you!
You die...
Your body crumbles into a pile of gold.

..##.........#######
..##..##.[...##....#
..##..##.....##....#
..).)))............#
..)................#
..##...............#
..##...............#
..##..#####+####...#
..##### ##@..# ..#
#.T..# ..# #....#
..# ##)..# ..# #...#
..## ....# ....
.....# ..... $
.##...# ..##. ##
#####


You could see Snorg (berserk, weak-willed).

Vanquished Creatures
  Erolcha (D:9)
  Joseph (D:8)
  Maggie (D:9)
  Psyche (D:8)
  Grinder (D:3)
  3 wyverns
  A shadow (D:9)
  4 yaks (D:9)
  A wraith (D:7)
  Grum (D:8)
  A steam dragon (D:10)
  3 water moccasins (D:8)
  An ice beast (D:7)
  3 black bears
  4 wolves (D:8)
  An ogre (D:6)
  2 centaurs
  2 phantoms (D:9)
  5 kobold brigands
  A bullfrog (D:5)
  A necrophage (D:8)
  A wyvern zombie (D:6)
  11 wights
  3 troll zombies (D:9)
  4 bullfrog zombies (D:6)
  2 jellies
  A gnoll shaman (D:5)
  3 orc priests
  3 hounds
  A bullfrog skeleton (D:6)
  A centaur skeleton (D:6)
  Jessica (D:3)
  2 iguanas
  5 orc wizards
  A killer bee zombie (D:6)
  2 ogre zombies (D:9)
  4 howler monkey zombies (D:6)
  8 adders
  11 gnolls
  2 shadow imps
  A white imp (D:6)
  2 ufetubi
  4 worms
  A dart slug (D:1)
  24 orcs
  3 ball pythons
  7 endoplasms
  4 giant cockroaches
  7 goblins
  11 hobgoblins
  3 quokkas (D:2)
  6 bats
  3 frilled lizards
  2 goblin zombies (D:9)
  3 hobgoblin zombies (D:9)
  28 kobolds
  13 orc zombies (D:9)
  6 rats
233 creatures vanquished.

Vanquished Creatures (collateral kills)
  2 gnolls (D:4)
2 creatures vanquished.

Vanquished Creatures (others)
  Menkaure (D:4)
  2 howler monkeys (D:8)
  A gnoll (D:4)
  6 fungi (D:5)
  3 plants (D:5)
13 creatures vanquished.

Grand Total: 248 creatures vanquished

Notes
Turn   | Place    | Note
-------+----------+-------------------------------------------
     0 | D:1      | holysushi the Octopode Artificer began the quest for the
                  | Orb.
     0 | D:1      | Reached XP level 1. HP: 13/13 MP: 1/1
   167 | D:1      | Reached XP level 2. HP: 17/19 MP: 2/2
   528 | D:1      | Reached skill level 1 in Short Blades
   813 | D:2      | Reached XP level 3. HP: 11/24 MP: 3/3
   990 | D:2      | Reached skill level 2 in Short Blades
  1112 | D:2      | Found a faded altar of an unknown god.
  1231 | D:2      | Reached XP level 4. HP: 20/29 MP: 4/4
  1451 | D:3      | Reached skill level 3 in Short Blades
  1518 | D:3      | Noticed Jessica
  1524 | D:3      | Killed Jessica
  1585 | D:3      | Found a runed translucent door.
  1586 | D:3      | Noticed Crazy Yiuf
  1735 | D:3      | Reached XP level 5. HP: 34/34 MP: 5/5
  1753 | D:3      | Reached skill level 4 in Short Blades
  1874 | D:3      | Noticed Grinder
  2131 | D:3      | Paralysed by Grinder for 5 turns
  2141 | D:3      | Killed Grinder
  2142 | D:3      | Reached skill level 5 in Short Blades
  2142 | D:3      | Reached XP level 6. HP: 38/39 MP: 6/6
  2406 | D:4      | Found a shimmering altar of Xom.
  2470 | D:4      | Found a staircase to the Ecumenical Temple.
  2819 | D:4      | Found Defiuzyc's Weapon Shop.
  2824 | D:4      | Reached skill level 6 in Short Blades
  3151 | D:4      | Found a stormy altar of Qazlal.
  3184 | D:4      | Noticed Menkaure
  3191 | D:4      | Reached XP level 7. HP: 45/45 MP: 7/7
  3195 | D:4      | Your ally Menkaure died
  3297 | D:5      | Entered Level 5 of the Dungeon
  3403 | D:5      | Found a blossoming altar of Fedhas.
  3597 | D:5      | Found a white marble altar of Elyvilon.
  3818 | Temple   | Entered the Ecumenical Temple
  3879 | Temple   | Became a worshipper of Gozag Ym Sagoz the Greedy
  3921 | D:5      | Reached skill level 7 in Short Blades
  4027 | D:5      | Reached XP level 8. HP: 50/50 MP: 8/8
  4046 | D:5      | Found a glowing silver altar of Zin.
  4441 | D:5      | HP: 2/50 [bullfrog (7)]
  4445 | D:5      | Reached skill level 5 in Dodging
  4580 | D:6      | Found a runed translucent gate.
  4580 | D:6      | Found a runed translucent gate.
  4580 | D:6      | Found a runed translucent gate.
  4580 | D:6      | Noticed kairosrom117's ghost (novice DrFE)
  4582 | D:6      | Found a basalt altar of Yredelemnul.
  4772 | D:6      | Reached skill level 8 in Short Blades
  5065 | D:6      | Found an ornate altar of the Wu Jian Council.
  5506 | D:7      | Reached XP level 9. HP: 41/54 MP: 9/9
  5704 | D:7      | Reached skill level 9 in Short Blades
  6116 | D:7      | Found a radiant altar of Vehumet.
  6658 | D:8      | Noticed Grum
  6685 | D:8      | Killed Grum
  6689 | D:8      | Reached skill level 10 in Short Blades
  6803 | D:8      | Got the Papyrus of Lethal Venom
  6968 | D:8      | Reached skill level 5 in Stealth
  6968 | D:8      | Reached XP level 10. HP: 54/60 MP: 10/10
  7098 | D:8      | Found Inwaq's Antique Weapon Shop.
  7127 | D:8      | Noticed Psyche
  7133 | D:8      | Killed Psyche
  7217 | D:8      | Noticed Joseph
  7229 | D:8      | Killed Joseph
  7511 | D:9      | Noticed Maggie
  7523 | D:9      | Killed Maggie
  7524 | D:9      | Reached skill level 11 in Short Blades
  7600 | D:8      | Identified a scroll of acquirement
  7600 | D:8      | Acquired 1002 gold pieces
  7606 | D:8      | Bought a scroll of enchant weapon for 75 gold pieces
  7606 | D:8      | Bought a scroll of blinking for 75 gold pieces
  7606 | D:8      | Bought a scroll of teleportation for 30 gold pieces
  7606 | D:8      | Bought a scroll of fear for 35 gold pieces
  7606 | D:8      | Bought a scroll of fear for 35 gold pieces
  7606 | D:8      | Bought 3 scrolls of poison for 105 gold pieces
  7606 | D:8      | Bought a scroll of teleportation for 30 gold pieces
  7721 | D:9      | Found a staircase to the Orcish Mines.
  7996 | D:9      | Reached skill level 10 in Dodging
  8084 | D:9      | Found an iron altar of Okawaru.
  8462 | D:9      | Noticed Erolcha
  8501 | D:9      | Killed Erolcha
  8502 | D:9      | Reached XP level 11. HP: 66/68 MP: 11/11
  8892 | D:10     | Entered Level 10 of the Dungeon
  8993 | D:10     | Noticed Sonja
  8996 | D:10     | Noticed Sonja
  8996 | D:10     | Sonja changed into Sonja the steam dragon
  9004 | D:10     | Killed Sonja the steam dragon
  9014 | D:10     | Noticed Snorg
  9023 | D:10     | HP: 3/69 [Snorg (20)]
  9023 | D:10     | Mangled by Snorg

Illustrated notes

Levels and vault maps discovered:
D:1:      dpeg_arrival_brainrot, layout_loops_ring
D:2:      layout_basic, serial_glass, glass_columns_a, glass_columns_a,
          chequers_ecumenical_altar_simple, minmay_small_reverse_x
D:3:      layout_loops_ring, uniq_jessica, uniq_grinder, uniq_crazy_yiuf_cottage
D:4:      layout_basic, mainiacjoe_overflow_alcove_4,
          mainiacjoe_overflow_tiny_flanked, minmay_temple_entry_from_below_b,
          serial_shops, nicolae_shop_hallway_stairs,
          wad_floor_pattern_untrapped, dreamdust_wishing_well, uniq_menkaure
D:5:      layout_basic, fedhas_altar_3, nicolae_overflow_squiral
D:6:      layout_basic, mainiacjoe_overflow_brackets,
          nicolae_yredelemnul_ghost_church, serial_undead, serial_undead_f,
          serial_undead_c, serial_undead_e, serial_undead_f, serial_undead_b,
          serial_undead_b
D:7:      layout_cave_pools, nicolae_vehumet_altar_sigil,
          amcnicky_mini_rare_corridor_liquid
D:8:      layout_gridville, serial_shops, shop_fountains, uniq_joseph,
          uniq_grum, uniq_psyche
D:9:      layout_basic, okawaru_altar_gauntlet_db, zombieorc1_lemuel,
          uniq_erolcha, uniq_maggie
D:10:     layout_gridville, lemuel_flamethrower_2, uniq_snorg, uniq_sonja
Temple:   nicolae_temple_god_jail

Skill      XL: |  1  2  3  4  5  6  7  8  9 10 11 |
---------------+----------------------------------+-----
Fighting       | 2 3 4 |  4.0
Short Blades   | 1 2 3 5 6 7 8 10 11 | 11.2
Dodging        | 3 4 6 8 10 | 10.5
Stealth        | 5 6 7 |  7.1
Evocations     | 4 |  4.7

Action                   |  1- 3 |  4- 6 |  7- 9 | 10-12 || total
-------------------------+-------+-------+-------+-------++-------
Melee: Unarmed           |    11 |       |       |       ||    11
       Tentacles         |    19 |    16 |    89 |    48 ||   172
       Constrict         |    17 |    20 |    73 |    30 ||   140
       Short sword       |    48 |    56 |       |       ||   104
       Dagger            |     5 |       |    69 |   206 ||   280
       Rapier            |       |    35 |   242 |       ||   277
       Punch             |       |     1 |     3 |     3 ||     7
Invok: Call Merchant     |       |       |       |     2 ||     2
Evoke: Wand              |       |    10 |     2 |    15 ||    27
  Use: Scroll            |       |    11 |     7 |     5 ||    23
       Potion            |       |       |     4 |       ||     4
 Stab: Sleeping          |    11 |     7 |     7 |     9 ||    34
       Distracted        |       |       |     2 |     2 ||     4
Armor: Skin              |     4 |     4 |    17 |     5 ||    30
Dodge: Dodged            |    27 |    41 |   206 |   118 ||   392

Table legend: (Time is in decaauts)
 A = Elapsed time spent in this place.
 B = Non-inter-level travel time spent in this place.
 C = Inter-level travel time spent in this place.
 D = Time resting spent in this place.
 E = Time spent auto-exploring this place.
 F = Levels seen in this place.
 G = Mean time per level.
                   A        B        C        D        E       F      G
               +--------+--------+--------+--------+--------+-----+--------+
         Total |   8839 |   8430 |    409 |    902 |   4898 |  11 |  803.5 |
       Dungeon |   8762 |   8353 |    409 |    902 |   4850 |  10 |  876.2 |
        Temple |     77 |     77 |      0 |      0 |     48 |   1 |   77.0 |
               +--------+--------+--------+--------+--------+-----+--------+

Top non-repeatable levels by time:
     D:9: 1377 daAuts
     D:8: 1077 daAuts
     D:5: 1067 daAuts
     D:6: 1014 daAuts
     D:3: 987 daAuts
     D:4: 890 daAuts
     D:1: 808 daAuts
     D:7: 789 daAuts
     D:2: 628 daAuts
    D:10: 120 daAuts
  Temple: 77 daAuts
